 Dungeon Crawl Stone Soup version 0.22.1-1-ga44c0e5 (console) character file.

827904 bli the Conqueror (level 25, -19/230 (234) HPs)
             Began as a Formicid Fighter on Sept 13, 2018.
             Was the Champion of Ru.
             Splashed with acid (21 damage)
             ... on level 2 of the Pits of Slime on Sept 28, 2018.
             The game lasted 15:18:00 (96512 turns).

bli the Conqueror (Formicid Fighter)               Turns: 96512, Time: 15:18:01

HP:   -19/230 (234) AC: 23    Str: 37    XL:     25
MP:   38/38         EV: 26    Int:  9    God:    Ru [******]
Gold: 5898          SH: 41    Dex: 22    Spells: 24/24 levels left

rFire    + + +     SeeInvis +   b - +5 exec axe {holy, rPois MP+9 Str+8 Stlth-}
rCold    + + +     Gourm    +   X - +8 large shield "Gifommykk" {rPois}
rNeg     + + .     Faith    .   h - +11 scale mail "Araraduf" {rF++ Regen+ MP+9 Stlth-}
rPois    +         Spirit   .   (helmet unavailable)
rElec    .         Reflect  .   J - scarf {cloud immunity}
rCorr    .         Harm     .   E - +2 pair of gloves {Dex+3}
MR       +++..                  k - +2 pair of boots {Fly}
Stlth    +++++.....             f - amulet of Ymudde {Gourm +Fly rF+ rN+}
HPRegen  0.88/turn              v - ring of the Lich-sworn {rPois rC+++ MR+ Str-2 Dex+2}
MPRegen  0.26/turn              W - ring of Litoiwn {rPois rN+ Str+4}

@: flying
A: permanent stasis, dig shafts and tunnels, four strong arms, antennae 3, icy
blue scales 1, large bone plates 1, blurry vision 1, deformed body, low mp 1,
screaming 2, strong 1, evolution 1, inability to use devices, hated by all,
reduced AC 1, MP-powered wands, inexperienced 1
}: 4/15 runes: decaying, serpentine, silver, icy
a: Dig, Shaft Self, Draw Out Power, Power Leap, Apocalypse, Renounce Religion


You were on level 2 of the Pits of Slime.
You worshipped Ru.
Ru was exalted by your worship.
You were full.

You visited 14 branches of the dungeon, and saw 63 of its levels.
You visited the Abyss 2 times.
You visited 1 bazaar.
You also visited: Sewer, Ice Cave and Wizlab.

You collected 10040 gold pieces.
You spent 4142 gold pieces at shops.

Inventory:

Hand Weapons
 a - the +10 morningstar "Spiderbane" {venom, rN+ Str+6}
   (You took it off a deep elf mage on level 3 of the Elven Halls)

   It poisons the flesh of those it strikes.
   It affects your strength (+6).
   It protects you from negative energy.
 b - the +5 executioner's axe of the End (weapon) {holy, rPois MP+9 Str+8 Stlth-}
   (You bought it in a shop on level 11 of the Dungeon)

   It has been blessed by the Shining One to cause great damage to the undead
   and demons.
   It affects your strength (+8).
   It protects you from poison.
   It affects your magic capacity (+9).
   It makes you less stealthy.
 c - a +9 hunting sling of velocity
 s - the +10 dark maul {crush}
   (You found it on level 2 of the Depths)

   It inflicts extra damage upon your enemies.
 A - the +7 great mace "Firestarter" {inner flame, rF++}
   (You took it off a guardian mummy on level 3 of the Crypt)

   It has been specially enchanted to burn those struck by it, causing extra
   injury to most foes and up to half again as much damage against particularly
   susceptible opponents.
   It greatly protects you from fire.
 B - a +9 antimagic eveningstar
Missiles
 F - 1975 stones (quivered)
 V - 14 sling bullets
Armour
 h - the +11 scale mail "Araraduf" (worn) {rF++ Regen+ MP+9 Stlth-}
   (You found it on level 5 of the Vaults)

   It greatly protects you from fire.
   It affects your magic capacity (+9).
   It increases your rate of regeneration.
   It makes you less stealthy.
 k - a +2 pair of boots of flying (worn)
 o - the +1 scale mail "Weres" {Str+2 Int+3}
   (You bought it in a shop on level 2 of the Depths)

   It affects your strength (+2).
   It affects your intelligence (+3).
 D - +0 pearl dragon scales
 E - a +2 pair of gloves of dexterity (worn)
 J - a scarf of cloud immunity (worn)
 U - a scarf of resistance
 X - the +8 large shield "Gifommykk" (worn) {rPois}
   (You acquired it on level 6 of the Lair of Beasts)

   It protects you from poison.
Jewellery
 e - an uncursed ring of resist corrosion
 f - the amulet of Ymudde (around neck) {Gourm +Fly rF+ rN+}
   (You bought it in a shop on level 2 of the Snake Pit)

   [amulet of the gourmand]

   It allows you to eat raw meat even when not hungry.
   It protects you from fire.
   It protects you from negative energy.
   It lets you fly.
 i - a +3 amulet of reflection
 p - the ring of Bixt {rPois rC+ EV+1}
   (You found it in a wizard's laboratory)

   [ring of evasion]

   It affects your evasion (+1).
   It protects you from cold.
   It protects you from poison.
 t - the ring "Witets" {rPois Int+6}
   (You acquired it on level 5 of the Vaults)

   [ring of intelligence]

   It affects your intelligence (+6).
   It protects you from poison.
 v - the ring of the Lich-sworn (left hand) {rPois rC+++ MR+ Str-2 Dex+2}
   (You acquired it on level 4 of the Depths)

   [ring of dexterity]

   It affects your strength (-2).
   It affects your dexterity (+2).
   It renders you almost immune to cold.
   It protects you from poison.
   It affects your resistance to hostile enchantments.
 x - the ring of Vehumet's Wrath {rF+ rC+ Int+3 SInv}
   (You found it on level 2 of the Depths)

   [ring of see invisible]

   It affects your intelligence (+3).
   It protects you from fire.
   It protects you from cold.
   It lets you see invisible.
 T - the ring of Orthodoxy {MP+9 Int+4 Dex+4}
   (You found it on level 2 of the Abyss)

   [ring of magical power]

   It affects your intelligence (+4).
   It affects your dexterity (+4).
   It affects your magic capacity (+9).
 W - the ring of Litoiwn (right hand) {rPois rN+ Str+4}
   (You found it on level 9 of the Dungeon)

   [ring of poison resistance]

   It affects your strength (+4).
   It protects you from poison.
   It protects you from negative energy.
 Y - an uncursed ring of fire
Scrolls
 d - 2 scrolls of holy word
 l - 7 scrolls of torment
 m - a scroll of amnesia
 r - 12 scrolls of immolation
 u - 15 scrolls of fear
 y - 6 scrolls of fog
 H - a scroll of enchant armour
 I - 3 scrolls of enchant weapon
 K - 13 scrolls of remove curse
 L - 3 scrolls of silence
 N - 2 scrolls of identify
 O - 11 scrolls of magic mapping
Potions
 g - 12 potions of lignification
 j - 9 potions of agility
 n - 8 potions of mutation
 q - 22 potions of curing
 w - 5 potions of heal wounds
 z - 7 potions of ambrosia
 C - 4 potions of cancellation
 G - 6 potions of magic
 Q - 5 potions of resistance
 R - 10 potions of brilliance
 S - 3 potions of invisibility
 Z - 3 potions of might
Comestibles
 M - 93 rations


   Skills:
 O Level 27 Fighting
 - Level 25.0(27) Axes
 - Level 23.4(27) Maces & Flails
 - Level 11.0 Slings
 + Level 17.4 Armour
 * Level 16.9 Dodging
 * Level 20.6 Stealth
 * Level 24.9 Shields


You had 24 spell levels left.
You didn't know any spells.
Your spell library contained the following spells:

 Spells                   Type           Power        Failure   Level  Hunger
 Beastly Appendage        Tmut           #.....       52%         1    ##.....
 Corona                   Hex            #......      52%         1    ##.....
 Flame Tongue             Conj/Fire      #....        52%         1    ##.....
 Freeze                   Ice            #...         52%         1    ##.....
 Magic Dart               Conj           #...         52%         1    ##.....
 Pain                     Necr           #...         52%         1    ##.....
 Shock                    Conj/Air       #...         52%         1    ##.....
 Ensorcelled Hibernation  Hex/Ice        #.....       65%         2    ###....
 Passwall                 Tmut/Erth      #.......     65%         2    ###....
 Poisonous Vapours        Pois/Air       #.....       65%         2    ###....
 Searing Ray              Conj           #.....       65%         2    ###....
 Shroud of Golubria       Chrm/Tloc      #.........   65%         2    ###....
 Sublimation of Blood     Necr           #.........   65%         2    ###....
 Swiftness                Chrm/Air       #.......     65%         2    ###....
 Confuse                  Hex            #.......     87%         3    ####...
 Conjure Flame            Conj/Fire      #.......     87%         3    ####...
 Dazzling Spray           Conj/Hex       #.....       87%         3    ####...
 Gell's Gravitas          Tloc           #.........   87%         3    ####...
 Ignite Poison            Fire/Tmut/Pois #.......     87%         3    ####...
 Inner Flame              Hex/Fire       #.......     87%         3    ####...
 Lesser Beckoning         Tloc           #.........   87%         3    ####...
 Mephitic Cloud           Conj/Pois/Air  #.......     87%         3    ####...
 Portal Projectile        Hex/Tloc       #.....       87%         3    ####...
 Regeneration             Chrm/Necr      #.........   87%         3    ####...
 Static Discharge         Conj/Air       #.......     87%         3    ####...
 Teleport Other           Tloc           #.......     87%         3    ####...
 Tukima's Dance           Hex            #.......     87%         3    ####...
 Vampiric Draining        Necr           #.........   87%         3    ####...
 Airstrike                Air            #.........   99%         4    #####..
 Cause Fear               Hex            #.........   99%         4    #####..
 Force Lance              Conj/Tloc      #.......     99%         4    #####..
 Fulminant Prism          Conj/Hex       #.........   99%         4    #####..
 Ice Form                 Ice/Tmut       #.......     99%         4    #####..
 Iskenderun's Mystic Bla  Conj           #.......     99%         4    #####..
 Olgreb's Toxic Radiance  Pois           #.......     99%         4    #####..
 Passage of Golubria      Tloc           N/A          99%         4    #####..
 Petrify                  Tmut/Erth      #.......     99%         4    #####..
 Sticky Flame             Conj/Fire      #.......     99%         4    #####..
 Alistair's Intoxication  Tmut/Pois      #.......     100%        5    ######.
 Aura of Abjuration       Summ           #.........   100%        5    ######.
 Blade Hands              Tmut           #.........   100%        5    ######.
 Borgnjor's Vile Clutch   Necr/Erth      #.........   100%        5    ######.
 Excruciating Wounds      Chrm/Necr      #.........   100%        5    ######.
 Fireball                 Conj/Fire      #.........   100%        5    ######.
 Irradiate                Conj/Tmut      #.........   100%        5    ######.
 Lee's Rapid Deconstruct  Erth           #.........   100%        5    ######.
 Lightning Bolt           Conj/Air       #.........   100%        5    ######.
 Metabolic Englaciation   Hex/Ice        #.........   100%        5    ######.
 Silence                  Hex/Air        #.........   100%        5    ######.
 Yara's Violent Unravell  Hex/Tmut       #.........   100%        5    ######.
 Bolt of Cold             Conj/Ice       #.........   100%        6    #######
 Bolt of Fire             Conj/Fire      #.........   100%        6    #######
 Darkness                 Hex            #.........   100%        6    #######
 Deflect Missiles         Chrm/Air       #.........   100%        6    #######
 Freezing Cloud           Conj/Ice/Air   #.........   100%        6    #######
 Hydra Form               Tmut           #.........   100%        6    #######
 Invisibility             Hex            #.......     100%        6    #######
 Ozocubu's Refrigeration  Ice            #.........   100%        6    #######
 Statue Form              Tmut/Erth      #........    100%        6    #######
 Dragon Form              Tmut           #.........   100%        7    #######
 Ring of Flames           Chrm/Fire      #.........   100%        7    #######
 Borgnjor's Revivificati  Necr           #.........   100%        8    #######
 Death's Door             Chrm/Necr      #.........   100%        8    #######
 Discord                  Hex            #.........   100%        8    #######
 Ignition                 Fire           #.........   100%        8    #######
 Necromutation            Tmut/Necr      #.........   100%        8    #######
 Shatter                  Erth           #.........   100%        9    #######
 Tornado                  Air            #.........   100%        9    #######
 Animate Skeleton         Necr           Unusable     N/A         1    N/A
 Summon Small Mammal      Summ           Unusable     N/A         1    N/A
 Blink                    Tloc           Unusable     N/A         2    N/A
 Recall                   Summ/Tloc      Unusable     N/A         3    N/A
 Animate Dead             Necr           Unusable     N/A         4    N/A
 Summon Ice Beast         Ice/Summ       Unusable     N/A         4    N/A
 Summon Demon             Summ           Unusable     N/A         5    N/A
 Summon Forest            Summ/Tloc      Unusable     N/A         5    N/A
 Summon Mana Viper        Hex/Summ       Unusable     N/A         5    N/A
 Death Channel            Necr           Unusable     N/A         6    N/A
 Shadow Creatures         Summ           Unusable     N/A         6    N/A
 Simulacrum               Ice/Necr       Unusable     N/A         6    N/A
 Haunt                    Necr/Summ      Unusable     N/A         7    N/A
 Infestation              Necr           Unusable     N/A         8    N/A

Dungeon Overview and Level Annotations

Branches:
Dungeon (15/15)            Temple (1/1) D:7            Lair (6/6) D:11
  Swamp (4/4) Lair:4        Snake (4/4) Lair:2        Slime (2/5) Lair:6
    Orc (2/2) D:12            Elf (3/3) Orc:2        Vaults (5/5) D:14
  Crypt (3/3) Vaults:2       Tomb (0/3) Crypt:3      Depths (5/5) D:15
   Hell (1/1)                 Dis (0/7) Hell            Geh (0/7) Hell
    Coc (7/7) Hell            Tar (0/7) Hell            Zot (5/5) Depths:5

Altars:
Cheibriados
Dithmenos
Gozag
Hepliaklqana
Kikubaaqudgha
Makhleb
Ru
Sif Muna
Trog
Uskayaw
Vehumet
Wu Jian
Yredelemnul
Zin
The Shining One
Jiyva

Shops:
D:11 (   D:13 [}(![   D:15 =}(:   Orc:2 :[?*   Elf:3 [}=}*   Snake:2 =}=
Vaults:5 ?!?   Depths:2 [[   Depths:4 :

Portals:
Hell: Depths:1 Depths:2 Depths:3 Depths:4 Depths:5
Abyss: Depths:4
Pandemonium: Depths:3 Depths:4
Ziggurat: Depths:4

Annotations:
D:5 2 transporters, poxu's ghost, novice NaVM
Crypt:2 stash
Depths:5 stash
Zot:4 stash


Innate Abilities, Weirdness & Mutations

You cannot be hasted, slowed, berserked, paralysed or teleported.
You can dig through walls and to a lower floor.
Your four strong arms can wield two-handed weapons with a shield.
You have a pair of large antennae on your head. (SInv)
You cannot study or use magical devices.
You are hated by all.
You take slightly more damage. (AC -5)
You are somewhat inexperienced. (-2 XL)
You are partially covered in icy blue scales. (AC +2)
You are partially covered in large bone plates. (SH +4)
Scrolls take you a little longer to read.
Armour fits poorly on your strangely shaped body.
Your magical capacity is low. (-10% MP)
You sometimes yell uncontrollably at your foes.
Your muscles are strong. (Str +2)
You evolve.
You expend magic power (3 MP) to strengthen your wands.


Message History

You kill the shining eye!
You are splashed with acid!
The walls burn you!
You are splashed with acid!
The wall burns you!
There is an escape hatch in the ceiling here.
You are splashed with acid!
The wall burns you!
You are splashed with acid!
The walls burn you!
You are splashed with acid!
The walls burn you!
You are splashed with acid!
The walls burn you!
You are splashed with acid!
The walls burn you!
You are splashed with acid!
The walls burn you!
You are splashed with acid!
The walls burn you!
* * * LOW HITPOINT WARNING * * *
You are splashed with acid!
The walls burn you!
* * * LOW HITPOINT WARNING * * *
You are splashed with acid!
The walls burn you!
* * * LOW HITPOINT WARNING * * *
You are splashed with acid!
The walls burn you!
* * * LOW HITPOINT WARNING * * *
You are splashed with acid!
The walls burn you!
You die...

#.... .....#
#.#. .....##
#.. ##.....#
##.##.......
#........#
#..<...#
##....##
#......##
##.<....#
##...#.##
#...##@##
##.##...# ##
##.## ##.##
#...# ##.##
###


There were no monsters in sight!

Vanquished Creatures
  Antaeus (Coc:7)
  Khufu (Crypt:1)
  7 orbs of fire
  Mennas (Vaults:2)
  4 ancient liches
  Boris (Vaults:2)
  Sojobo (Depths:2)
  2 greater mummies
  21 shard shrikes
  2 curse toes (Zot:5)
  9 Killer Klowns (Zot:5)
  Geryon (Hell)
  Saint Roka (Depths:2)
  A profane servitor (Crypt:3)
  A pearl dragon (Depths:4)
  Jory (Depths:3)
  7 golden dragons
  A mutant beast (WizLab)
  4 electric golems
  5 liches
  14 bone dragons
  A Tzitzimitl (Coc:7)
  17 tentacled monstrosities
  24 Ice Fiends
  25 Orb Guardians (Zot:5)
  3 deep elf blademasters
  11 quicksilver dragons
  Asterion (Vaults:3)
  2 deep elf master archers (Elf:3)
  4 titans
  4 acid blobs
  2 Executioners (Abyss:1)
  5 eldritch tentacles
  3 sphinxes
  Gastronok (D:9)
  6 tentacled starspawn
  5 death cobs
  2 thorn hunters
  Kirke (Snake:1)
  4 ancient champions
  13 storm dragons
  5 tengu reavers
  8 shadow dragons
  Donald (Elf:3)
  3 daevas (Depths:4)
  13 nagarajas
  An azure jelly (shapeshifter) (Vaults:5)
  7 fire giants
  11 draconian knights
  2 revenants
  2 draconian monks (Zot:1)
  2 iron dragons
  5 draconian scorchers
  8 vault wardens
  9 deep elf sorcerers
  16 frost giants
  A fire giant (shapeshifter) (Vaults:5)
  3 ghost moths
  A juggernaut zombie (Hell)
  2 draconian stormcallers
  2 cacodemons (Hell)
  7 deep elf elementalists
  3 curse skulls (Crypt:1)
  3 angels (Depths:4)
  4 ghouls
  An orc warlord (Orc:2)
  3 draconian shifters
  2 balrugs
  7 draconian annihilators
  24 very ugly things
  15 reapers
  14 stone giants
  6 war gargoyles
  7 elemental wellsprings
  9 ironheart preservers
  6 green draconians
  2 entropy weavers
  11 vampire knights
  14 black draconians
  Nessos (Lair:5)
  10 deep elf demonologists
  2 spark wasps (shapeshifter)
  A lorocyproca (Hell)
  9 deep elf annihilators
  15 red draconians
  13 yellow draconians
  14 white draconians
  A dire elephant (D:15)
  5 spark wasps
  6 purple draconians
  An eidolon (Crypt:2)
  A green death (Depths:3)
  14 ettins
  29 blizzard demons
  11 deep elf death magi
  5 kraken zombies
  10 fire dragons
  2 mummy priests (Crypt:3)
  6 quicksilver dragon zombies
  19 jiangshi
  8 deep elf high priests
  10 great orbs of eyes
  11 hydras
  15 yaktaur captains
  Josephine (D:13)
  Erolcha (D:12)
  30 vault guards
  5 rakshasas
  A monstrous demonspawn (Depths:4)
  Fannar (D:11)
  28 ice dragons
  19 naga warriors
  Harold (D:14)
  3 ghost crabs
  A quicksilver dragon skeleton (Coc:1)
  9 centaur warriors
  4 anacondas
  2 spriggan air magi
  A spectral frost giant (Crypt:3)
  24 dancing weapons
  15 alligators
  4 tengu warriors
  8 death knights
  7 death yaks
  12 deep troll earth magi
  40 two-headed ogres
  11 deep troll shamans
  5 thrashing horrors
  4 hell hogs (Hell)
  13 ogre magi
  8 titan zombies
  A spriggan berserker (Depths:2)
  A shock serpent (shapeshifter) (Depths:3)
  7 sun demons
  A shock serpent (Snake:4)
  4 storm dragon zombies
  4 titan skeletons
  An iron golem (WizLab)
  6 vampire magi
  16 naga sharpshooters
  4 orc high priests (Orc:2)
  9 soul eaters
  15 deep elf knights
  2 iron trolls
  2 salamander mystics
  A fire crab (shapeshifter) (Elf:1)
  12 hell knights
  Nergalle (Orc:1)
  6 wretched stars
  A spatial maelstrom (Abyss:5)
  2 shadow wraiths (Crypt:3)
  3 ghost moth zombies
  6 cherubim (Depths:4)
  An unseen horror (shapeshifter) (WizLab)
  106 skeletal warriors
  A death drake (Swamp:4)
  4 sixfirhies
  13 anaconda zombies
  4 unseen horrors
  5 glowing orange brains
  An infernal demonspawn (Depths:3)
  5 storm dragon skeletons
  6 flayed ghosts
  A spectral hydra (Swamp:4)
  A sea snake (shapeshifter) (D:15)
  A shadow demon (Depths:4)
  A spriggan druid (Swamp:4)
  6 wizards
  26 deep trolls
  4 naga ritualists
  3 swamp dragons
  13 deep elf archers
  3 golden dragon zombies
  4 anaconda skeletons
  2 golden dragon skeletons
  A lindwurm (shapeshifter) (WizLab)
  5 shambling mangroves
  A tengu zombie (Hell)
  19 ironbrand convokers
  7 shadow dragon zombies
  A harpy (shapeshifter) (Depths:3)
  12 necromancers
  12 phantasmal warriors
  9 harpies
  21 orc knights
  76 ugly things
  8 frost giant zombies
  A cyclops (shapeshifter) (Depths:2)
  6 oklob plants
  8 orc sorcerers
  5 wolf spider zombies
  3 manticores (shapeshifter)
  5 stone giant zombies
  61 deep elf magi
  2 salamanders (shapeshifter)
  6 cyclopes
  5 salamanders
  A shadow dragon skeleton (Coc:3)
  12 fire giant zombies
  4 mana vipers
  A shining eye (Slime:2)
  4 iron dragon zombies
  5 manticores
  2 sphinx skeletons
  A guardian serpent (shapeshifter) (Depths:2)
  4 wolf spiders
  3 human skeletons
  8 iron dragon skeletons
  21 moths of wrath
  5 rust devils
  10 stone giant skeletons
  A black mamba (shapeshifter) (WizLab)
  9 fire giant skeletons
  9 elephants (Lair:6)
  8 vault sentinels
  4 frost giant skeletons
  5 guardian serpents
  A spiny frog (shapeshifter) (WizLab)
  An eye of devastation (shapeshifter) (Vaults:5)
  2 elephants (shapeshifter)
  A torpor snail (Lair:4)
  An apocalypse crab (Abyss:3)
  30 black mambas
  3 ice statues
  3 emperor scorpion zombies
  2 molten gargoyles (Hell)
  16 naga magi
  2 gargoyles
  34 spiny frogs
  10 smoke demons
  A titan simulacrum (Crypt:1)
  2 orange demons
  A storm dragon simulacrum (Coc:5)
  3 spriggan zombies (Hell)
  4 swamp worm zombies (Swamp:4)
  2 yaktaur zombies (Hell)
  4 dire elephant skeletons
  A shock serpent skeleton (Crypt:1)
  A rime drake (Lair:3)
  9 komodo dragons
  A komodo dragon (shapeshifter) (Vaults:5)
  A death yak zombie (Crypt:2)
  A hellion (Hell)
  A pale draconian zombie (Crypt:2)
  58 freezing wraiths
  33 yaktaurs
  2 yaktaurs (shapeshifter)
  A golden dragon simulacrum (Crypt:3)
  6 hellwings (Abyss:1)
  7 guardian mummies (Crypt:3)
  42 ice devils
  19 tormentors
  5 anaconda simulacra
  5 ancient zymes
  A ghost moth simulacrum (Coc:2)
  A death yak skeleton (Crypt:1)
  3 demonic crawlers
  2 kobold demonologists
  2 elves (WizLab)
  33 hydra zombies
  A white draconian skeleton (Crypt:1)
  2 black draconian zombies
  A yellow draconian skeleton (Crypt:1)
  3 red devils
  3 tengu conjurers
  2 catoblepas skeletons
  14 tyrant leeches
  A shadow dragon simulacrum (Coc:3)
  A queen bee (shapeshifter) (Vaults:4)
  19 large abominations
  2 meliai (shapeshifter) (WizLab)
  A troll (shapeshifter) (WizLab)
  4 trolls
  A wolf spider simulacrum (Coc:7)
  A harpy skeleton (Coc:2)
  9 hydra skeletons
  19 raiju
  31 hornets
  2 hornets (shapeshifter)
  17 polar bears
  3 blink frogs (shapeshifter)
  20 blink frogs
  21 bog bodies
  5 ice dragon zombies
  61 slime creatures
  An iron dragon simulacrum (Coc:6)
  15 hippogriffs
  2 dream sheep (Lair:4)
  A dream sheep (shapeshifter) (WizLab)
  5 spectral swamp dragons (Swamp:4)
  18 alligator zombies
  2 fire dragon zombies
  3 ice dragon skeletons
  9 ettin zombies
  3 frost giant simulacra
  4 ettin skeletons
  A fire giant simulacrum (Coc:1)
  2 stone giant simulacra
  A spriggan (shapeshifter) (WizLab)
  2 alligator skeletons
  132 flying skulls
  2 tarantellas (shapeshifter) (WizLab)
  3 ynoxinuls
  24 shadows
  3 wyverns
  A tarantella (Vaults:4)
  A vampire (Abyss:1)
  4 redbacks
  13 spriggans
  4 fire dragon skeletons
  2 hogs (Snake:1)
  A hog (shapeshifter) (Vaults:5)
  25 wraiths
  74 yaks
  10 fire elementals
  6 humans
  24 water elementals
  4 basilisks
  A golden eye (shapeshifter) (WizLab)
  2 steam dragons
  4 neqoxecs (Abyss:1)
  8 chaos spawn
  2 basilisks (shapeshifter)
  7 hungry ghosts
  Grum (D:9)
  37 vampire mosquitoes
  6 wargs
  A harpy simulacrum (Coc:7)
  31 insubstantial wisps
  8 swamp worms
  2 soldier ants (shapeshifter) (WizLab)
  60 nagas
  12 water moccasins
  3 soldier ants
  5 acid dragons
  8 hell hounds
  A spatial vortex (Abyss:5)
  8 porcupines
  12 spiny frog zombies
  6 floating eyes
  4 hydra simulacra
  A merfolk skeleton (Coc:4)
  A deep troll skeleton (Vaults:1)
  56 orc warriors
  Purgy (Sewer)
  12 swamp drakes
  A sky beast (shapeshifter) (WizLab)
  5 sky beasts
  2 alligator simulacra
  An ogre skeleton (Vaults:1)
  A manticore zombie (Coc:7)
  3 snapping turtle zombies
  A hornet zombie (Crypt:2)
  7 spiny frog skeletons
  5 necrophages
  An ettin simulacrum (Coc:5)
  4 swamp dragon zombies (Swamp:4)
  An ice dragon simulacrum (Coc:3)
  12 phantoms
  28 ice beasts
  A lindwurm zombie (Crypt:2)
  40 ogres
  3 eyes of draining
  31 wolves
  13 centaurs
  A swamp dragon skeleton (Hell)
  5 boggarts
  26 small abominations
  An elephant skeleton (Crypt:2)
  2 snapping turtle skeletons
  10 crocodiles
  A big kobold (D:11)
  A yaktaur skeleton (Crypt:1)
  31 bullfrogs
  4 earth elementals
  A draconian skeleton (Crypt:2)
  3 spiny frog simulacra
  A wyvern zombie (D:10)
  4 scorpions
  A troll zombie (Coc:4)
  21 wights
  5 killer bees
  A swamp dragon simulacrum (Coc:7)
  A troll skeleton (Coc:3)
  An electric eel (Lair:6)
  7 crimson imps
  2 bullfrog zombies (D:10)
  44 starcursed masses
  2 hounds
  2 quasits
  2 centaur zombies
  2 human zombies
  7 jellies
  Crazy Yiuf (D:4)
  A bullfrog skeleton (D:4)
  29 orc priests
  37 orc wizards
  5 centaur skeletons
  5 iron imps
  Natasha (thrice) (D:3)
  7 iguanas
  A spectral swamp drake (Swamp:4)
  6 hell rats (Hell)
  12 worker ants
  A demigod zombie (Crypt:1)
  A dwarf skeleton (Crypt:2)
  7 mummies
  2 worker ant zombies
  Robin (D:4)
  5 gnolls (D:9)
  A swamp drake zombie (Swamp:4)
  11 adders
  5 shadow imps
  22 white imps
  3 ufetubi (Depths:4)
  2 oozes (D:2)
  2 worms (shapeshifter)
  2 worms
  3 dart slugs
  5 leopard geckos
  102 orcs
  7 bats
  5 giant cockroaches
  16 goblins
  13 hobgoblins
  13 jackals
  12 kobolds
  3 quokkas
  2 ball pythons
  6 frilled lizards
  A jackal skeleton (D:7)
  A kobold skeleton (Coc:4)
  A leopard gecko skeleton (D:4)
  A leopard gecko zombie (Crypt:1)
  An orc zombie (Crypt:2)
  12 rats
  3 crawling corpses
  2 lurking horrors
  16 plants
  A starspawn tentacle (Abyss:1)
  11 tentacles
3706 creatures vanquished.

Vanquished Creatures (others)
  A shard shrike (Coc:6)
  Nikola (Vaults:2)
  An eldritch tentacle (Coc:7)
  A death cob (Zot:4)
  A cacodemon (Coc:1)
  An ironheart preserver (Vaults:2)
  An elemental wellspring (Coc:4)
  A very ugly thing (Depths:4)
  A white draconian (Zot:5)
  3 red draconians
  A spark wasp (Depths:3)
  An ettin (Depths:2)
  An ogre mage (Vaults:2)
  A kraken zombie (Coc:5)
  2 ice dragons
  A two-headed ogre (Vaults:2)
  2 dancing weapons (Elf:2)
  An alligator (Swamp:3)
  A centaur warrior (D:13)
  A deep troll earth mage (Depths:4)
  A spriggan berserker (Depths:2)
  A shock serpent (Snake:2)
  A naga sharpshooter (Snake:4)
  A deep elf knight (Elf:2)
  An orc high priest (Depths:2)
  A titan skeleton (Coc:7)
  2 skeletal warriors
  3 deep trolls
  A shambling mangrove (Swamp:4)
  2 phantasmal warriors
  2 deep elf magi
  A slime creature (Vaults:2)
  A komodo dragon (Lair:1)
  A yaktaur (Vaults:2)
  A rime drake (IceCv)
  A swamp worm zombie (Swamp:4)
  A polar bear (IceCv)
  2 blink frogs
  2 dream sheep (Lair:4)
  A spriggan zombie (Hell)
  A tyrant leech (Swamp:4)
  3 flying skulls (Coc:7)
  A wraith (Vaults:4)
  2 water elementals
  A spriggan (Swamp:2)
  2 yaks
  A vampire mosquito (Swamp:3)
  A hydra simulacrum (Coc:1)
  A water moccasin (Lair:1)
  An orc warrior (Vaults:2)
  An ice beast (Coc:3)
  7 ogres
  3 wolves (IceCv)
  2 bullfrogs
  A spiny frog simulacrum (Hell)
  A killer bee (D:11)
  A spectral wolf (Depths:2)
  A wight (Coc:4)
  A hound (D:12)
  3 orc wizards
  A worker ant (D:4)
  2 orcs
  A kobold (D:12)
  11 fungi
  2 lurking horrors (Abyss:2)
  66 plants
  3 starspawn tentacles (Abyss:1)
  21 tentacles
193 creatures vanquished.

Grand Total: 3899 creatures vanquished

Notes
Turn   | Place    | Note
-------+----------+-------------------------------------------
     0 | D:1      | bli the Formicid Fighter began the quest for the Orb.
     0 | D:1      | Reached XP level 1. HP: 18/18 MP: 1/1
   106 | D:1      | Reached XP level 2. HP: 23/24 MP: 2/2
   447 | D:1      | Reached XP level 3. HP: 30/30 MP: 3/3
   740 | D:2      | Reached skill level 4 in Fighting
   740 | D:2      | Reached XP level 4. HP: 14/37 MP: 4/4
   758 | D:2      | Found a sacrificial altar of Ru.
   804 | D:2      | Became a worshipper of Ru the Awakened
   813 | D:2      | Found a radiant altar of Vehumet.
  1458 | D:3      | Reached XP level 5. HP: 29/42 MP: 5/5
  1954 | D:3      | Noticed Natasha
  1960 | D:3      | Killed Natasha
  1960 | D:3      | Reached XP level 6. HP: 49/49 MP: 6/6
  1973 | D:3      | Gained mutation: You cannot study or use magical devices.
                  | [Ru sacrifice]
  1973 | D:3      | Reached * piety under Ru
  1973 | D:3      | Reached ** piety under Ru
  2163 | D:3      | Reached skill level 1 in Dodging
  2165 | D:3      | Reached skill level 5 in Shields
  2242 | D:3      | Noticed Natasha
  2250 | D:3      | Killed Natasha
  2417 | D:3      | Noticed Natasha
  2423 | D:3      | Killed Natasha
  2545 | D:4      | Noticed Robin
  2561 | D:4      | Killed Robin
  2598 | D:4      | Reached XP level 7. HP: 43/55 MP: 7/7
  2638 | D:4      | Reached skill level 5 in Fighting
  2701 | D:4      | Found a glowing drain.
  2717 | Sewer    | Entered a sewer
  2970 | Sewer    | Noticed Purgy
  3011 | Sewer    | Killed Purgy
  3301 | D:4      | Reached skill level 5 in Axes
  3550 | D:4      | Found a runed door.
  3554 | D:4      | Noticed Crazy Yiuf
  3562 | D:4      | Killed Crazy Yiuf
  3651 | D:4      | Reached XP level 8. HP: 59/63 MP: 8/8
  3912 | D:5      | Entered Level 5 of the Dungeon
  4017 | D:5      | Found a glowing silver altar of Zin.
  4179 | D:5      | Gained mutation: You are hated by all. [Ru sacrifice]
  4179 | D:5      | Reached *** piety under Ru
  4407 | D:5      | Found a transporter.
  4410 | D:5      | Found a transporter.
  4413 | D:5      | Noticed poxu's ghost (novice NaVM)
  4430 | D:5      | Found a shadowy altar of Dithmenos.
  4738 | D:6      | Reached skill level 6 in Fighting
  4738 | D:6      | Reached skill level 5 in Armour
  5060 | D:6      | Reached skill level 1 in Stealth
  5694 | D:7      | Noticed a hippogriff
  5712 | D:7      | Killed a hippogriff
  5712 | D:7      | Reached XP level 9. HP: 30/71 MP: 9/9
  5918 | D:7      | Reached skill level 1 in Slings
  5921 | D:7      | Found a basalt altar of Yredelemnul.
  6146 | D:7      | Gained mutation: You take slightly more damage. (AC -5) [Ru
                  | sacrifice]
  6146 | D:7      | Reached **** piety under Ru
  6219 | D:7      | Found a staircase to the Ecumenical Temple.
  6238 | Temple   | Entered the Ecumenical Temple
  6416 | D:7      | Reached skill level 7 in Fighting
  7143 | D:8      | Noticed a hippogriff
  7154 | D:8      | Killed a hippogriff
  7474 | D:8      | Got a pitted ring mail
  7485 | D:8      | Identified the +2 ring mail "Plog" {rF- Int+3} (You found
                  | it on level 8 of the Dungeon)
  7596 | D:8      | Reached XP level 10. HP: 79/79 MP: 10/10
  7839 | D:9      | Found an ornate altar of the Wu Jian Council.
  7840 | D:9      | Found a bloodstained altar of Trog.
  7840 | D:9      | Noticed a two-headed ogre
  7843 | D:9      | Killed a two-headed ogre
  8092 | D:9      | Noticed Grum
  8123 | D:9      | Reached skill level 8 in Fighting
  8136 | D:9      | Killed Grum
  8475 | D:9      | Noticed a cyclops
  8743 | D:9      | Reached skill level 5 in Dodging
  8855 | D:9      | Noticed Gastronok
  8886 | D:9      | Killed Gastronok
  8886 | D:9      | Reached XP level 11. HP: 61/87 MP: 11/11
  9114 | D:9      | Gained mutation: You are somewhat inexperienced. (-2 XL)
                  | [Ru sacrifice]
  9114 | D:9      | Reached XP level 10. HP: 82/82 MP: 10/10
  9114 | D:9      | Reached XP level 9. HP: 75/75 MP: 9/9
  9114 | D:9      | Reached ***** piety under Ru
  9114 | D:9      | Reached ****** piety under Ru
  9311 | D:4      | You fall through a shaft!
  9338 | D:4      | You fall through a shaft!
  9376 | D:4      | You fall through a shaft for 2 floors!
  9444 | D:4      | You fall through a shaft for 3 floors!
  9477 | D:10     | Entered Level 10 of the Dungeon
  9740 | D:10     | Reached skill level 10 in Axes
  9758 | D:10     | Reached XP level 10. HP: 34/82 MP: 10/10
 10003 | D:10     | Reached skill level 9 in Fighting
 10156 | D:10     | Noticed a two-headed ogre
 10185 | D:9      | You fall through a shaft for 2 floors!
 10586 | D:10     | Killed a two-headed ogre
 10586 | D:10     | Reached skill level 1 in Maces & Flails
 10759 | D:11     | Noticed a manticore
 10793 | D:10     | Reached skill level 5 in Slings
 11205 | D:10     | Noticed a two-headed ogre
 11214 | D:10     | Killed a two-headed ogre
 11214 | D:10     | Reached XP level 11. HP: 77/89 MP: 11/11
 11319 | D:9      | Noticed a six-headed hydra
 11341 | D:10     | Killed a cyclops
 11543 | D:11     | Killed a manticore
 11853 | D:11     | Noticed a manticore
 11871 | D:11     | Killed a manticore
 11911 | D:11     | Noticed an oklob plant
 11916 | D:11     | Noticed an oklob plant
 11917 | D:11     | Noticed an oklob plant
 12119 | D:11     | Found Ephif's Weapon Emporium.
 12124 | D:11     | Identified the Incunabulum of Ignition
 12231 | D:11     | Found a staircase to the Lair.
 12808 | D:11     | Killed an oklob plant
 12815 | D:11     | Killed an oklob plant
 12818 | Lair:1   | Entered Level 1 of the Lair of Beasts
 13003 | D:11     | Killed an oklob plant
 13086 | D:11     | Reached skill level 10 in Fighting
 13288 | D:11     | Noticed Harold
 13910 | Lair:1   | Reached XP level 12. HP: 85/98 MP: 12/12
 14471 | Lair:2   | Found a staircase to the Snake Pit.
 14471 | Lair:2   | Noticed a five-headed hydra
 14546 | D:9      | Killed a six-headed hydra
 14546 | D:9      | Reached skill level 5 in Stealth
 14655 | D:9      | Got a coiled marble ring
 14657 | D:9      | Identified the ring of Litoiwn {rPois rN+ Str+4} (You found
                  | it on level 9 of the Dungeon)
 14797 | D:4      | You fall through a shaft for 3 floors!
 14904 | D:12     | Found a staircase to the Orcish Mines.
 14923 | D:12     | Noticed Fannar
 15040 | D:12     | Noticed a two-headed ogre
 15050 | D:11     | Killed Fannar
 15053 | D:11     | Reached skill level 5 in Maces & Flails
 15330 | D:11     | Killed a two-headed ogre
 15831 | D:12     | Reached skill level 11 in Fighting
 15939 | Orc:1    | Entered Level 1 of the Orcish Mines
 16883 | Lair:2   | Reached XP level 13. HP: 52/106 MP: 13/13
 17570 | Lair:2   | Killed a five-headed hydra
 17931 | Snake:1  | Entered Level 1 of the Snake Pit
 18081 | Snake:1  | Got an ancient long sword
 18105 | Snake:1  | Noticed an anaconda
 18124 | Snake:1  | Killed an anaconda
 18912 | Snake:1  | Noticed Kirke
 18947 | Snake:1  | Killed Kirke
 18947 | Snake:1  | Reached skill level 12 in Fighting
 19752 | Lair:3   | Found a frozen archway.
 19828 | IceCv    | Entered an ice cave
 20232 | IceCv    | Reached XP level 14. HP: 89/116 MP: 11/14
 20572 | IceCv    | Reached skill level 13 in Fighting
 20679 | IceCv    | Noticed a frost giant
 20980 | IceCv    | Killed a frost giant
 21597 | Lair:3   | Identified the +3 long sword of Demn {slice, rPois MR+
                  | Int-5 SInv} (You found it on level 1 of the Snake Pit)
 22510 | D:11     | Bought the +5 executioner's axe of the End {holy, rPois
                  | MP+9 Str+8 Stlth-} for 1239 gold pieces
 23501 | Orc:1    | Noticed Nergalle
 23502 | Orc:1    | Noticed Erolcha
 24530 | D:12     | Killed Erolcha
 25050 | Orc:1    | Killed Nergalle
 25314 | Orc:2    | Entered Level 2 of the Orcish Mines
 25463 | Orc:2    | Noticed an orc warlord
 25768 | Orc:2    | Killed an orc warlord
 26214 | Orc:2    | Reached XP level 15. HP: 117/124 MP: 15/15
 26451 | Orc:2    | Reached skill level 15 in Axes
 26663 | Orc:2    | Found Ocrabb's Assorted Antiques.
 26663 | Orc:2    | Found Nuokum Ewken's Book Shoppe.
 26669 | Orc:2    | Found Puufer's Antique Armour Shoppe.
 26669 | Orc:2    | Found Haonea's Magic Scroll Boutique.
 26694 | Orc:2    | Bought a runed buckler for 142 gold pieces
 26694 | Orc:2    | Bought a shiny chain mail for 142 gold pieces
 26861 | Orc:2    | Found a staircase to the Elven Halls.
 27779 | Elf:1    | Entered Level 1 of the Elven Halls
 28024 | D:13     | Noticed Josephine
 28031 | D:13     | Killed Josephine
 28309 | D:13     | Found Bajecw's Armour Boutique.
 28345 | D:13     | Found Guehell's Distillery.
 28353 | D:13     | Reached skill level 10 in Armour
 28357 | D:13     | Bought a potion of heal wounds for 90 gold pieces
 28357 | D:13     | Bought a potion of heal wounds for 90 gold pieces
 28357 | D:13     | Bought a potion of heal wounds for 90 gold pieces
 28384 | D:13     | Found Larulout's Gadget Emporium.
 28394 | D:13     | Found Fuibluitz's Weapon Emporium.
 28423 | D:13     | Found Rezop's Armour Emporium.
 29254 | Snake:2  | Reached skill level 14 in Fighting
 29380 | Snake:2  | Found Fudiqun's Jewellery Boutique.
 29381 | Snake:2  | Found Burr's Gadget Shoppe.
 29384 | Snake:2  | Found Laom's Jewellery Boutique.
 30925 | Lair:4   | Found a staircase to the Swamp.
 31004 | Lair:4   | Upgraded the game from 0.22.0-75-g3901e79 to 0.22.1
 31242 | Lair:5   | Found a burning altar of Makhleb.
 31257 | Lair:5   | Reached XP level 16. HP: 99/134 MP: 16/16
 31302 | Lair:5   | Noticed Nessos
 31316 | Lair:5   | Killed Nessos
 32045 | Lair:6   | Entered Level 6 of the Lair of Beasts
 32476 | Lair:6   | Reached skill level 15 in Fighting
 32939 | Lair:6   | Identified a scroll of acquirement
 32943 | Lair:6   | Got an ichor-stained large shield
 32954 | Lair:6   | Identified the +8 large shield "Gifommykk" {rPois} (You
                  | acquired it on level 6 of the Lair of Beasts)
 33033 | Lair:6   | Found a runed door.
 33065 | Lair:6   | Found a viscous altar of Jiyva.
 33065 | Lair:6   | Noticed an acid blob
 33067 | Lair:6   | Found a staircase to the Slime Pits.
 33067 | Lair:6   | Noticed an acid blob
 34483 | Snake:3  | Noticed a nagaraja
 34497 | Snake:3  | Killed a nagaraja
 34759 | Snake:3  | Reached skill level 10 in Shields
 34761 | Snake:3  | Reached XP level 17. HP: 135/142 MP: 17/17
 35303 | Snake:4  | Entered Level 4 of the Snake Pit
 36169 | Snake:4  | Found a deep blue altar of Sif Muna.
 36199 | Snake:4  | Upgraded the game from 0.22.1 to 0.22.1-1-ga44c0e5
 36608 | Snake:4  | Reached skill level 16 in Fighting
 37443 | Snake:4  | Got a serpentine rune of Zot
 37577 | Snake:4  | Reached XP level 18. HP: 152/153 MP: 18/18
 38524 | Snake:2  | Bought the amulet of Ymudde {Gourm +Fly rF+ rN+} for 804
                  | gold pieces
 38654 | Swamp:1  | Entered Level 1 of the Swamp
 38714 | Swamp:1  | Gained mutation: You are clumsy. (Dex -2) [potion of
                  | mutation]
 38714 | Swamp:1  | Gained mutation: You are dopey. (Int -2) [potion of
                  | mutation]
 38714 | Swamp:1  | Gained mutation: You have large cloven feet. [potion of
                  | mutation]
 38714 | Swamp:1  | Lost mutation: You are clumsy. (Dex -2) [potion of
                  | mutation]
 39359 | Swamp:1  | Reached skill level 17 in Fighting
 41215 | Swamp:3  | Lost mutation: You have large cloven feet. [potion of
                  | mutation]
 41215 | Swamp:3  | Lost mutation: You are dopey. (Int -2) [potion of mutation]
 41215 | Swamp:3  | Gained mutation: You are resistant to electric shocks.
                  | (rElec) [potion of mutation]
 41215 | Swamp:3  | Gained mutation: You are partially covered in thin metallic
                  | scales. (AC +2) [potion of mutation]
 41215 | Swamp:3  | Gained mutation: You are agile. (Dex +2) [potion of
                  | mutation]
 41464 | Swamp:3  | Reached XP level 19. HP: 151/161 MP: 19/19
 41759 | Swamp:4  | Entered Level 4 of the Swamp
 41906 | Swamp:4  | Identified the Volume of the Supportive Oath
 42405 | Swamp:4  | Noticed a bone dragon
 42412 | Swamp:4  | Killed a bone dragon
 42522 | Swamp:4  | Got a decaying rune of Zot
 43091 | Slime:1  | Entered Level 1 of the Pits of Slime
 43221 | Slime:1  | Reached skill level 15 in Shields
 45080 | Elf:1    | Reached skill level 18 in Fighting
 45165 | Elf:1    | Reached XP level 20. HP: 155/170 MP: 20/20
 45955 | Elf:2    | Got a polished arbalest
 46001 | Elf:2    | Identified the cursed +1 arbalest of Urgency {freeze, SInv}
                  | (You found it on level 2 of the Elven Halls)
 46210 | Elf:2    | Found a deep blue altar of Sif Muna.
 46285 | Elf:2    | Found a huge runed gate.
 46285 | Elf:2    | Found a huge runed gate.
 46285 | Elf:2    | Found a huge runed gate.
 46286 | Elf:2    | Found a huge runed gate.
 46286 | Elf:2    | Found a huge runed gate.
 47595 | Elf:3    | Entered Level 3 of the Elven Halls
 47727 | Elf:3    | Found Falypt's Antique Armour Shoppe.
 47795 | Elf:3    | Found a magical portal.
 47813 | WizLab   | Entered Cigotuvi's Fleshworks
 47983 | WizLab   | Gained mutation: You have a beak for a mouth. [mutagenic
                  | glow]
 48027 | WizLab   | Gained mutation: Your spells are a little easier to cast,
                  | but a little less powerful. [mutagenic glow]
 48068 | WizLab   | Gained mutation: Armour fits poorly on your strangely
                  | shaped body. [mutagenic glow]
 48094 | WizLab   | Gained mutation: You occasionally shout uncontrollably at
                  | your foes. [mutagenic glow]
 48128 | WizLab   | Gained mutation: Scrolls take you a little longer to read.
                  | [mutagenic glow]
 48644 | WizLab   | Got a vibrating granite ring
 48652 | WizLab   | Identified the ring of Bixt {rPois rC+ EV+1} (You found it
                  | in a wizard's laboratory)
 48809 | WizLab   | Reached XP level 21. HP: 113/178 MP: 21/21
 49192 | WizLab   | Identified Cigotuvi's Handbook of Evil Transformation
 49194 | WizLab   | Identified the Handbook of Transformation
 49659 | Elf:3    | Lost mutation: Scrolls take you a little longer to read.
                  | [potion of mutation]
 49659 | Elf:3    | Lost mutation: You are agile. (Dex +2) [potion of mutation]
 49659 | Elf:3    | Lost mutation: You are partially covered in thin metallic
                  | scales. (AC +2) [potion of mutation]
 49659 | Elf:3    | Gained mutation: You are resistant to hostile enchantments.
                  | (MR+) [potion of mutation]
 49659 | Elf:3    | Gained mutation: You have a somewhat thin skeletal
                  | structure. (Dex +2, Stealth) [potion of mutation]
 49659 | Elf:3    | Gained mutation: You expend magic power (3 MP) to
                  | strengthen your wands. [potion of mutation]
 49660 | Elf:3    | Lost mutation: Armour fits poorly on your strangely shaped
                  | body. [potion of mutation]
 49660 | Elf:3    | Lost mutation: You occasionally shout uncontrollably at
                  | your foes. [potion of mutation]
 49660 | Elf:3    | Lost mutation: You expend magic power (3 MP) to strengthen
                  | your wands. [potion of mutation]
 49660 | Elf:3    | Lost mutation: Your spells are a little easier to cast, but
                  | a little less powerful. [potion of mutation]
 49660 | Elf:3    | Gained mutation: You are robust. (+10% HP) [potion of
                  | mutation]
 49706 | Elf:3    | Found Gufoqod's Jewellery Boutique.
 49775 | Elf:3    | Found Pijenn Qyrho's Gadget Shop.
 49948 | Elf:3    | Found Lokin's General Store.
 49990 | Elf:3    | Found Juynoid's Gadget Shop.
 50035 | Elf:3    | Noticed a Brimstone Fiend
 50074 | Elf:3    | Gained mutation: Your body sometimes deteriorates upon
                  | taking damage. [a cacodemon]
 50079 | Elf:3    | Gained mutation: You are clumsy. (Dex -2) [a cacodemon]
 50911 | D:14     | Killed Harold
 51083 | D:14     | Found a gate to the Vaults.
 51208 | D:14     | Found a snail-covered altar of Cheibriados.
 51454 | D:15     | Entered Level 15 of the Dungeon
 51516 | D:15     | Found Nufurhur's Antique Weapon Emporium.
 51566 | D:15     | Found Venitaaha's Book Emporium.
 51618 | D:15     | Found a staircase to the Depths.
 51864 | D:15     | Found Zoph's Gadget Shop.
 51884 | D:15     | Found Paifes's Jewellery Boutique.
 51905 | D:15     | Found an opulent altar of Gozag.
 51952 | D:15     | Found a glowing golden altar of the Shining One.
 52309 | Elf:3    | Reached skill level 10 in Slings
 52337 | Elf:3    | Reached skill level 19 in Fighting
 52417 | Elf:3    | Got a faintly glowing morningstar {venom}
 52511 | Elf:3    | Identified the +10 morningstar "Spiderbane" {venom, rN+
                  | Str+6} (You took it off a deep elf mage on level 3 of the
                  | Elven Halls)
 52513 | Elf:3    | Got a twisted dire flail {crush}
 52514 | Elf:3    | Identified the cursed +1 dire flail of Anguish {crush,
                  | Str+5} (You took it off a deep elf archer on level 3 of the
                  | Elven Halls)
 52891 | Elf:3    | Noticed Donald
 52907 | Elf:3    | Killed Donald
 52917 | Elf:3    | Reached XP level 22. HP: 174/205 MP: 22/22
 53067 | Elf:3    | Identified Cisydoch's Tome of Intoxication and the
                  | Volcanoes
 53071 | Elf:3    | Identified the Papyrus of Transmutation
 53221 | Elf:3    | Got a jewelled plate armour
 53249 | Elf:3    | Identified the +4 plate armour of Tomorrow {+Blink MR+
                  | Slay-4} (You found it on level 3 of the Elven Halls)
 53985 | Vaults:1 | Entered Level 1 of the Vaults
 54133 | Vaults:1 | Reached skill level 10 in Stealth
 55812 | Vaults:2 | Found a flickering gateway to a bazaar.
 55835 | Bazaar   | Entered a bazaar
 55835 | Bazaar   | Found Naatiocs's Distillery.
 55835 | Bazaar   | Found Xobo's Magic Scroll Boutique.
 55849 | Bazaar   | Found Yquts's General Store.
 55878 | Bazaar   | Bought a potion of heal wounds for 55 gold pieces
 55899 | Bazaar   | Found Iguege's Armour Emporium.
 55915 | Bazaar   | Found Komninn's Weapon Shoppe.
 56013 | Vaults:2 | Found a staircase to the Crypt.
 56013 | Vaults:2 | Found an ancient bone altar of Kikubaaqudgha.
 56014 | Vaults:2 | Found a basalt altar of Yredelemnul.
 56264 | Crypt:1  | Entered Level 1 of the Crypt
 56461 | Crypt:1  | Noticed Khufu
 56461 | Crypt:1  | Noticed a greater mummy
 56481 | Crypt:1  | Killed a greater mummy
 56496 | Crypt:1  | Killed Khufu
 56848 | Crypt:1  | Reached XP level 23. HP: 195/214 MP: 23/23
 57701 | Vaults:2 | Noticed Boris
 57715 | Vaults:2 | Killed Boris
 57854 | Vaults:2 | Noticed Mennas
 57888 | Vaults:2 | You are sucked into a shaft!
 58541 | Vaults:3 | Identified Qegiamno's Guide on the Mutagenic Glacier
 58727 | Vaults:2 | Noticed Nikola
 58741 | Vaults:2 | Killed Nikola
 58978 | Vaults:2 | Reached skill level 20 in Fighting
 58986 | Vaults:2 | Killed Mennas
 59786 | Vaults:3 | Noticed Asterion
 59808 | Vaults:3 | Killed Asterion
 60956 | Vaults:4 | Reached skill level 10 in Dodging
 61071 | Vaults:4 | Reached XP level 24. HP: 219/225 MP: 23/23
 62061 | Vaults:4 | Reached skill level 10 in Maces & Flails
 62251 | Vaults:5 | Entered Level 5 of the Vaults
 63031 | Vaults:5 | Reached skill level 21 in Fighting
 64116 | Crypt:3  | Entered Level 3 of the Crypt
 64125 | Crypt:3  | Reached XP level 25. HP: 213/235 MP: 23/23
 64154 | Crypt:3  | Reached skill level 15 in Armour
 64294 | Crypt:3  | Found a basalt altar of Yredelemnul.
 64705 | Crypt:3  | Got a crystal great sword
 64706 | Crypt:3  | Identified the cursed +1 great sword of Patience {flame,
                  | Int+4} (You found it on level 3 of the Crypt)
 64900 | Crypt:3  | Found a staircase to the Tomb.
 64900 | Crypt:3  | Noticed a greater mummy
 64911 | Crypt:3  | Killed a greater mummy
 65363 | Crypt:3  | Got a faintly glowing morningstar
 65378 | Crypt:3  | Identified the cursed +1 morningstar of Jewaorph {flame,
                  | Dex+2} (You found it on level 3 of the Crypt)
 66212 | Vaults:5 | Got a ruby-encrusted leather armour
 66598 | Vaults:5 | Got a silver rune of Zot
 66918 | Vaults:5 | Identified the +3 leather armour of Exclusion {rElec Str+4}
                  | (You found it on level 5 of the Vaults)
 67004 | Vaults:5 | Found Lozepun's Magic Scroll Boutique.
 67064 | Vaults:5 | Noticed an ancient lich
 67076 | Vaults:5 | Killed an ancient lich
 67170 | Vaults:5 | Found Zoitunes's Distillery.
 67207 | Vaults:5 | Bought a scroll of acquirement for 728 gold pieces
 67207 | Vaults:5 | Bought a scroll of enchant weapon for 105 gold pieces
 67229 | Vaults:5 | Got a sparkling jade ring
 67231 | Vaults:5 | Identified the ring "Witets" {rPois Int+6} (You acquired it
                  | on level 5 of the Vaults)
 67311 | Vaults:5 | Found Dirch's Magic Scroll Emporium.
 67315 | Vaults:5 | Bought a scroll of enchant weapon for 135 gold pieces
 67315 | Vaults:5 | Bought a scroll of enchant weapon for 135 gold pieces
 67315 | Vaults:5 | Bought a scroll of enchant weapon for 135 gold pieces
 67773 | Vaults:5 | Got a brightly glowing scale mail
 67860 | Vaults:5 | Identified the +11 scale mail "Araraduf" {rF++ Regen+ MP+9
                  | Stlth-} (You found it on level 5 of the Vaults)
 68702 | Depths:1 | Entered Level 1 of the Depths
 68716 | D:15     | Reached skill level 22 in Fighting
 69353 | Depths:1 | Found a gateway to Hell.
 69705 | Depths:1 | Cast into level 5 of the Abyss (a Zot trap)
 69705 | Abyss:5  | Entered Level 5 of the Abyss
 69816 | Depths:1 | Escaped the Abyss
 70159 | Depths:2 | Found the +10 dark maul {crush}
 70238 | Depths:2 | Got a twitching bone ring
 70240 | Depths:2 | Identified the ring of False Hope {*Tele rElec rC++ rN+
                  | Dex-5} (You took it off an orc on level 2 of the Depths)
 70254 | Depths:1 | stash
 70302 | Depths:2 | Reached skill level 15 in Maces & Flails
 70558 | Depths:2 | Noticed Saint Roka
 70567 | Depths:2 | Killed Saint Roka
 70622 | Depths:2 | Found Giseag's Antique Armour Shop.
 70735 | Depths:2 | Noticed Sojobo
 70762 | Depths:2 | Killed Sojobo
 70820 | Depths:2 | Found Ycsigen's Armour Shoppe.
 70995 | Depths:2 | Got a slimy tin ring
 70997 | Depths:2 | Identified the ring of Vehumet's Wrath {rF+ rC+ Int+3 SInv}
                  | (You found it on level 2 of the Depths)
 71158 | Depths:2 | Got a heavily runed turquoise ring
 71162 | Depths:2 | Identified the ring "Zanamagg" {Wiz *Slow Int+3 Dex+4} (You
                  | found it on level 2 of the Depths)
 71875 | Depths:3 | Found a one-way gate leading to the halls of Pandemonium.
 71987 | Depths:3 | Found an ancient bone altar of Kikubaaqudgha.
 71988 | Depths:3 | Noticed Jory
 72014 | Depths:3 | Killed Jory
 72014 | Depths:3 | Reached skill level 23 in Fighting
 72037 | Depths:3 | Got a brightly glowing turquoise ring
 72043 | Depths:3 | Identified the cursed ring of Xoosouc {rC+ MR- Str-5 Int+8
                  | Dex+4} (You found it on level 3 of the Depths)
 72730 | Depths:4 | Found Xuits's Book Emporium.
 73193 | Depths:4 | Found a one-way gate to the infinite horrors of the Abyss.
 73384 | Depths:4 | Noticed an ancient lich
 73385 | Depths:4 | Found a gateway to a ziggurat.
 73385 | Depths:4 | Noticed an ancient lich
 73759 | Depths:4 | You are sucked into a shaft!
 73759 | Depths:5 | Entered Level 5 of the Depths
 74468 | Depths:4 | Found a glowing silver altar of Zin.
 76027 | Depths:5 | Found a gate to the Realm of Zot.
 76269 | Zot:1    | Entered Level 1 of the Realm of Zot
 77910 | Zot:2    | Noticed an orb of fire
 77918 | Zot:2    | Gained mutation: You do not regenerate when monsters are
                  | visible. [an orb of fire]
 77919 | Zot:2    | Gained mutation: Your body often deteriorates upon taking
                  | damage. [an orb of fire]
 77920 | Zot:2    | Gained mutation: You are weak. (Str -2) [an orb of fire]
 77937 | Zot:2    | Killed an orb of fire
 78207 | Zot:2    | You are sucked into a shaft!
 78473 | Zot:3    | Noticed an orb of fire
 78496 | Zot:3    | Gained mutation: Armour fits poorly on your strangely
                  | shaped body. [an orb of fire]
 78500 | Zot:3    | Killed an orb of fire
 78500 | Zot:3    | Reached skill level 24 in Fighting
 79233 | Zot:2    | Lost mutation: You are weak. (Str -2) [potion of mutation]
 79233 | Zot:2    | Lost mutation: Your body often deteriorates upon taking
                  | damage. [potion of mutation]
 79233 | Zot:2    | Lost mutation: You do not regenerate when monsters are
                  | visible. [potion of mutation]
 79233 | Zot:2    | Lost mutation: You are clumsy. (Dex -2) [potion of
                  | mutation]
 79233 | Zot:2    | Lost mutation: You are robust. (+10% HP) [potion of
                  | mutation]
 79233 | Zot:2    | Lost mutation: Your body sometimes deteriorates upon taking
                  | damage. [potion of mutation]
 79233 | Zot:2    | Lost mutation: You are resistant to hostile enchantments.
                  | (MR+) [potion of mutation]
 79233 | Zot:2    | Gained mutation: You are partially covered in large bone
                  | plates. (SH +4) [potion of mutation]
 80150 | Zot:3    | Noticed an orb of fire
 80152 | Zot:3    | Gained mutation: Your mind is acute. (Int +2) [an orb of
                  | fire]
 80154 | Zot:3    | Killed an orb of fire
 81157 | Zot:4    | Reached skill level 15 in Stealth
 81497 | Zot:5    | Entered Level 5 of the Realm of Zot
 81745 | Zot:5    | Noticed a Killer Klown
 81759 | Zot:5    | Killed a Killer Klown
 81903 | Zot:5    | Noticed an ancient lich
 81909 | Zot:5    | Killed an ancient lich
 81960 | Zot:5    | Noticed an ancient lich
 81982 | Zot:5    | Killed an ancient lich
 82076 | Zot:5    | Noticed an ancient lich
 82082 | Zot:5    | Killed an ancient lich
 82189 | Zot:5    | Noticed an orb of fire
 82191 | Zot:5    | Lost mutation: Your mind is acute. (Int +2) [an orb of
                  | fire]
 82207 | Zot:5    | Gained mutation: Your spells are a little easier to cast,
                  | but a little less powerful. [an orb of fire]
 82209 | Zot:5    | Killed an orb of fire
 82216 | Zot:5    | Noticed a Killer Klown
 82381 | Zot:5    | Noticed a Killer Klown
 82382 | Zot:5    | Noticed an orb of fire
 82387 | Zot:5    | Gained mutation: You do not regenerate when monsters are
                  | visible. [an orb of fire]
 82388 | Zot:5    | Gained mutation: Your magical capacity is low. (-10% MP)
                  | [an orb of fire]
 82389 | Zot:5    | Killed an orb of fire
 82401 | Zot:5    | Killed a Killer Klown
 82458 | Zot:5    | Noticed a Killer Klown
 82464 | Zot:5    | Killed a Killer Klown
 82477 | Zot:5    | Noticed a Killer Klown
 82486 | Zot:5    | Noticed an orb of fire
 82498 | Zot:5    | Gained mutation: Your spells are easier to cast, but less
                  | powerful. [an orb of fire]
 82539 | Zot:5    | Killed a Killer Klown
 82684 | Zot:5    | Noticed a curse toe
 82692 | Zot:5    | Killed a curse toe
 82924 | Zot:5    | Killed a Killer Klown
 82984 | Zot:5    | Noticed a Killer Klown
 82989 | Zot:5    | Noticed a Killer Klown
 82989 | Zot:5    | Noticed a Killer Klown
 82993 | Zot:5    | Killed a Killer Klown
 83000 | Zot:5    | Noticed a Killer Klown
 83002 | Zot:5    | Noticed an orb of fire
 83007 | Zot:5    | Gained mutation: You occasionally shout uncontrollably at
                  | your foes. [an orb of fire]
 83009 | Zot:5    | Reached skill level 25 in Fighting
 83011 | Zot:5    | Killed a Killer Klown
 83012 | Zot:5    | Gained mutation: Your magical capacity is very low. (-20%
                  | MP) [an orb of fire]
 83013 | Zot:5    | Killed an orb of fire
 83018 | Zot:5    | Killed a Killer Klown
 83020 | Zot:5    | Gained mutation: Your magical capacity is extremely low.
                  | (-30% MP) [an orb of fire]
 83022 | Zot:5    | Killed an orb of fire
 83024 | Zot:5    | Killed a Killer Klown
 83580 | Zot:5    | Noticed a curse toe
 83585 | Zot:5    | Killed a curse toe
 84195 | Hell     | Entered the Vestibule of Hell
 84195 | Hell     | Noticed Geryon
 84873 | Hell     | Killed Geryon
 85096 | Hell     | Found a gateway to the ashen valley of Gehenna.
 85220 | Hell     | Found a gateway to the Iron City of Dis.
 85279 | Hell     | Found a gateway to the freezing wastes of Cocytus.
 85329 | Hell     | Found a gateway to the decaying netherworld of Tartarus.
 85482 | Depths:4 | Voluntarily entered the Abyss.
 85482 | Abyss:1  | Found a corrupted altar of Lugonu.
 85670 | Abyss:1  | Found a corrupted altar of Lugonu.
 85809 | Abyss:1  | Reached skill level 26 in Fighting
 86052 | Abyss:1  | Gained mutation: You are clumsy. (Dex -2) [a neqoxec]
 86057 | Abyss:1  | Gained mutation: Your body sometimes deteriorates upon
                  | taking damage. [a neqoxec]
 86058 | Abyss:1  | Gained mutation: Your spells are much easier to cast, but
                  | much less powerful. [a neqoxec]
 86514 | Abyss:1  | Gained mutation: You are weak. (Str -2) [a neqoxec]
 86522 | Abyss:2  | Found a corrupted altar of Lugonu.
 86523 | Abyss:2  | Found a transporter.
 86564 | Abyss:2  | Found a transporter.
 86573 | Abyss:2  | Found a transporter.
 86574 | Abyss:2  | Got a bound turquoise ring
 86702 | Abyss:2  | Lost mutation: Your body sometimes deteriorates upon taking
                  | damage. [potion of mutation]
 86702 | Abyss:2  | Lost mutation: You are clumsy. (Dex -2) [potion of
                  | mutation]
 86702 | Abyss:2  | Lost mutation: Your spells are much easier to cast, but
                  | much less powerful. [potion of mutation]
 86702 | Abyss:2  | Lost mutation: You occasionally shout uncontrollably at
                  | your foes. [potion of mutation]
 86702 | Abyss:2  | Gained mutation: You are partially covered in rugged brown
                  | scales. (AC +1, +3% HP) [potion of mutation]
 86745 | Abyss:2  | Found a corrupted altar of Lugonu.
 86750 | Abyss:2  | Found a transporter.
 86752 | Abyss:2  | Got a distressingly furry leather armour
 86770 | Abyss:2  | Identified the +1 leather armour "Ybeadas" {SInv} (You
                  | found it on level 2 of the Abyss)
 86781 | Abyss:2  | Found a corrupted altar of Lugonu.
 86840 | Abyss:2  | Found a transporter.
 86852 | Abyss:2  | Found a transporter.
 86902 | Abyss:2  | Found a transporter.
 86934 | Abyss:2  | Found a transporter.
 86984 | Abyss:2  | Found a transporter.
 87027 | Abyss:2  | Found a transporter.
 87054 | Abyss:2  | Found a transporter.
 87065 | Abyss:2  | Found a transporter.
 87115 | Abyss:2  | Found a transporter.
 87362 | Depths:4 | Escaped the Abyss
 87379 | Depths:4 | Got a coiled glass ring
 87381 | Depths:4 | Identified the ring of the Lich-sworn {rPois rC+++ MR+
                  | Str-2 Dex+2} (You acquired it on level 4 of the Depths)
 87383 | Depths:4 | Lost mutation: Your magical capacity is extremely low.
                  | (-30% MP) [potion of mutation]
 87383 | Depths:4 | Lost mutation: Armour fits poorly on your strangely shaped
                  | body. [potion of mutation]
 87383 | Depths:4 | Gained mutation: You are frail. (-10% HP) [potion of
                  | mutation]
 87383 | Depths:4 | Lost mutation: You are weak. (Str -2) [potion of mutation]
 87384 | Depths:4 | Lost mutation: You are partially covered in large bone
                  | plates. (SH +4) [potion of mutation]
 87384 | Depths:4 | Gained mutation: You expend magic power (3 MP) to
                  | strengthen your wands. [potion of mutation]
 87385 | Depths:4 | Lost mutation: You are partially covered in rugged brown
                  | scales. (AC +1, +3% HP) [potion of mutation]
 87385 | Depths:4 | Lost mutation: You are frail. (-10% HP) [potion of
                  | mutation]
 87385 | Depths:4 | Lost mutation: You are resistant to electric shocks.
                  | (rElec) [potion of mutation]
 87385 | Depths:4 | Lost mutation: You have a beak for a mouth. [potion of
                  | mutation]
 87385 | Depths:4 | Gained mutation: You are weak. (Str -2) [potion of
                  | mutation]
 87385 | Depths:4 | Gained mutation: Your body sometimes deteriorates upon
                  | taking damage. [potion of mutation]
 87385 | Depths:4 | Gained mutation: You possess an exceptional clarity of
                  | mind. [potion of mutation]
 87386 | Depths:4 | Lost mutation: You have a somewhat thin skeletal structure.
                  | (Dex +2, Stealth) [potion of mutation]
 87386 | Depths:4 | Lost mutation: Your spells are easier to cast, but less
                  | powerful. [potion of mutation]
 87386 | Depths:4 | Lost mutation: You expend magic power (3 MP) to strengthen
                  | your wands. [potion of mutation]
 87386 | Depths:4 | Gained mutation: You are somewhat resistant to further
                  | mutation. [potion of mutation]
 87386 | Depths:4 | Gained mutation: You expend magic power (3 MP) to
                  | strengthen your wands. [potion of mutation]
 87386 | Depths:4 | Gained mutation: You are partially covered in icy blue
                  | scales. (AC +2) [potion of mutation]
 87387 | Depths:4 | Lost mutation: You are somewhat resistant to further
                  | mutation. [potion of mutation]
 87387 | Depths:4 | Lost mutation: Your body sometimes deteriorates upon taking
                  | damage. [potion of mutation]
 87387 | Depths:4 | Lost mutation: You possess an exceptional clarity of mind.
                  | [potion of mutation]
 87387 | Depths:4 | Gained mutation: You have large cloven feet. [potion of
                  | mutation]
 87388 | Depths:4 | Lost mutation: You are weak. (Str -2) [potion of mutation]
 87388 | Depths:4 | Lost mutation: You expend magic power (3 MP) to strengthen
                  | your wands. [potion of mutation]
 87388 | Depths:4 | Lost mutation: You have large cloven feet. [potion of
                  | mutation]
 87388 | Depths:4 | Gained mutation: Scrolls take you a little longer to read.
                  | [potion of mutation]
 87388 | Depths:4 | Gained mutation: You are partially covered in yellow
                  | scales. (AC +2) [potion of mutation]
 87389 | Depths:4 | Lost mutation: Scrolls take you a little longer to read.
                  | [potion of mutation]
 87389 | Depths:4 | Lost mutation: Your spells are a little easier to cast, but
                  | a little less powerful. [potion of mutation]
 87389 | Depths:4 | Gained mutation: Your muscles are strong. (Str +2) [potion
                  | of mutation]
 87389 | Depths:4 | Lost mutation: Your muscles are strong. (Str +2) [potion of
                  | mutation]
 87389 | Depths:4 | Gained mutation: Your mind is acute. (Int +2) [potion of
                  | mutation]
 87390 | Depths:4 | Lost mutation: Your magical capacity is very low. (-20% MP)
                  | [potion of mutation]
 87390 | Depths:4 | Lost mutation: You are partially covered in yellow scales.
                  | (AC +2) [potion of mutation]
 87390 | Depths:4 | Lost mutation: You do not regenerate when monsters are
                  | visible. [potion of mutation]
 87390 | Depths:4 | Gained mutation: Your body sometimes deteriorates upon
                  | taking damage. [potion of mutation]
 87390 | Depths:4 | Lost mutation: Your magical capacity is low. (-10% MP)
                  | [potion of mutation]
 87390 | Depths:4 | Gained mutation: You are clumsy. (Dex -2) [potion of
                  | mutation]
 87390 | Depths:4 | Gained mutation: You passively map a small area around you.
                  | [potion of mutation]
 87391 | Depths:4 | Lost mutation: You passively map a small area around you.
                  | [potion of mutation]
 87391 | Depths:4 | Lost mutation: You are clumsy. (Dex -2) [potion of
                  | mutation]
 87391 | Depths:4 | Lost mutation: Your body sometimes deteriorates upon taking
                  | damage. [potion of mutation]
 87391 | Depths:4 | Lost mutation: Your mind is acute. (Int +2) [potion of
                  | mutation]
 87391 | Depths:4 | Gained mutation: You expend magic power (3 MP) to
                  | strengthen your wands. [potion of mutation]
 87391 | Depths:4 | Gained mutation: Your muscles are strong. (Str +2) [potion
                  | of mutation]
 87391 | Depths:4 | Gained mutation: Armour fits poorly on your strangely
                  | shaped body. [potion of mutation]
 87391 | Depths:4 | Gained mutation: You evolve. [potion of mutation]
 87487 | Hell     | Identified the ring of Orthodoxy {MP+9 Int+4 Dex+4} (You
                  | found it on level 2 of the Abyss)
 87491 | Coc:1    | Entered Level 1 of Cocytus
 87716 | Coc:1    | Noticed a shard shrike
 87721 | Coc:1    | Killed a shard shrike
 88483 | Coc:1    | Lost mutation: Armour fits poorly on your strangely shaped
                  | body. [evolution]
 88490 | Coc:1    | Noticed a shard shrike
 88499 | Coc:1    | Killed a shard shrike
 88835 | Coc:2    | Reached skill level 27 in Fighting
 89673 | Coc:2    | Noticed a shard shrike
 89676 | Coc:2    | Killed a shard shrike
 89854 | Coc:3    | Noticed a shard shrike
 89855 | Coc:3    | Noticed a shard shrike
 89856 | Coc:3    | Noticed a shard shrike
 89858 | Coc:3    | Noticed a shard shrike
 89860 | Coc:3    | Killed a shard shrike
 89864 | Coc:3    | Killed a shard shrike
 89869 | Coc:3    | Killed a shard shrike
 89873 | Coc:3    | Killed a shard shrike
 89981 | Coc:3    | Noticed a shard shrike
 89987 | Coc:3    | Noticed a shard shrike
 89988 | Coc:3    | Noticed a shard shrike
 89988 | Coc:3    | Noticed a shard shrike
 89997 | Coc:3    | Killed a shard shrike
 90000 | Coc:3    | Killed a shard shrike
 90006 | Coc:3    | Killed a shard shrike
 90008 | Coc:3    | Killed a shard shrike
 90154 | Coc:3    | Reached skill level 15 in Dodging
 90291 | Coc:3    | Noticed a shard shrike
 90304 | Coc:3    | Killed a shard shrike
 91610 | Coc:4    | Noticed a shard shrike
 91626 | Coc:4    | Killed a shard shrike
 92272 | Coc:5    | Noticed a shard shrike
 92303 | Coc:5    | Killed a shard shrike
 92826 | Coc:6    | Gained mutation: You occasionally shout uncontrollably at
                  | your foes. [mutagenic glow]
 93079 | Coc:6    | Noticed a shard shrike
 93094 | Coc:6    | Killed a shard shrike
 93498 | Coc:7    | Entered Level 7 of Cocytus
 93503 | Coc:7    | Noticed a shard shrike
 93516 | Coc:7    | Killed a shard shrike
 93593 | Coc:7    | Noticed a shard shrike
 93594 | Coc:7    | Noticed a shard shrike
 93594 | Coc:7    | Noticed a shard shrike
 93594 | Coc:7    | Noticed a shard shrike
 93610 | Coc:7    | Killed a shard shrike
 93617 | Coc:7    | Killed a shard shrike
 93621 | Coc:7    | Killed a shard shrike
 93626 | Coc:7    | HP: 8/224 [shard shrike (7)]
 93628 | Coc:7    | Killed a shard shrike
 93648 | Coc:7    | Noticed a shard shrike
 93650 | Coc:7    | Killed a shard shrike
 94032 | Coc:7    | Noticed a shard shrike
 94040 | Coc:7    | Killed a shard shrike
 94334 | Coc:7    | HP: 10/234 [Ice Fiend[the effects of Hell] (5)]
 94334 | Coc:7    | HP: 4/234 [Ice Fiend[the effects of Hell] (6)]
 94352 | Coc:7    | Gained mutation: You are partially covered in large bone
                  | plates. (SH +4) [evolution]
 94883 | Coc:7    | Noticed Antaeus
 94910 | Coc:7    | Killed Antaeus
 95010 | Coc:7    | Got a crude ring mail
 95133 | Coc:7    | Identified the +3 ring mail "Baint" {*Contam +Inv Str+5}
                  | (You found it on level 7 of Cocytus)
 95275 | Coc:7    | Got an icy rune of Zot
 95505 | Coc:7    | Gained mutation: Your magical capacity is low. (-10% MP)
                  | [mutagenic glow]
 95561 | Coc:7    | Gained mutation: You sometimes yell uncontrollably at your
                  | foes. [mutagenic glow]
 96156 | Depths:2 | Bought a translucent scale mail for 252 gold pieces
 96171 | Depths:2 | Identified the +1 scale mail "Weres" {Str+2 Int+3} (You
                  | bought it in a shop on level 2 of the Depths)
 96494 | Slime:2  | Gained mutation: Scrolls take you a little longer to read.
                  | [a shining eye]
 96495 | Slime:2  | Gained mutation: Armour fits poorly on your strangely
                  | shaped body. [a shining eye]
 96511 | Slime:2  | HP: 1/230 [acid (16)]
 96512 | Slime:2  | Splashed with acid

Skill      XL: |  1  2  3  4  5  6  7  8  9 10 11 12 13 14 15 16 17 18 19 20 21 22 23 24 25 |
---------------+----------------------------------------------------------------------------+-----
Shields        | 4 5 6 7 8 9 10 11 13 15 24 | 24.9
Fighting       | 4 5 6 7 9 10 11 12 13 14 15 16 17 18 19 20 21 27 | 27.0
Axes           | 3 4 5 6 10 9 11 12 14 15 16 17 18 19 21 22 25 | 25.0
Armour         | 4 5 7 8 9 11 12 13 14 17 | 17.4
Dodging        | 1 2 6 5 7 8 9 10 16 | 16.9
Stealth        | 1 3 4 5 6 7 8 9 11 12 20 | 20.6
Slings         | 2 5 6 9 10 11 | 11.0
Maces & Flails | 2 4 5 6 7 8 9 12 23 | 23.4

Action                   |  1- 3 |  4- 6 |  7- 9 | 10-12 | 13-15 | 16-18 | 19-21 | 22-24 | 25-27 || total
-------------------------+-------+-------+-------+-------+-------+-------+-------+-------+-------++-------
Melee: War axe           |    85 |   199 |   421 |   402 |   382 |       |       |       |       ||  1489
       Morningstar       |       |       |       |   149 |   121 |       |       |   201 |    66 ||   537
       Unarmed           |       |       |       |       |     2 |       |       |       |       ||     2
       Executioner's axe |       |       |       |       |   494 |   882 |  1050 |   693 |  2142 ||  5261
       Battleaxe         |       |       |       |       |    13 |       |       |       |       ||    13
       Dire flail        |       |       |       |       |     3 |    20 |    12 |       |       ||    35
       Peck              |       |       |       |       |       |       |   102 |   339 |   816 ||  1257
       Eveningstar       |       |       |       |       |       |       |    36 |   112 |   548 ||   696
       Great mace        |       |       |       |       |       |       |       |    35 |   369 ||   404
       Maul              |       |       |       |       |       |       |       |       |   965 ||   965
       Demon whip        |       |       |       |       |       |       |       |       |    50 ||    50
 Fire: Hunting sling     |       |       |    22 |   127 |   243 |   512 |    75 |   224 |    92 ||  1295
Throw: Stone             |       |     1 |     4 |    54 |   301 |    45 |    34 |    17 |   154 ||   610
Invok: Sacrifice Artific |       |     1 |       |       |       |       |       |       |       ||     1
       Sacrifice Love    |       |       |     1 |       |       |       |       |       |       ||     1
       Sacrifice Health  |       |       |     1 |       |       |       |       |       |       ||     1
       Sacrifice Experie |       |       |     1 |       |       |       |       |       |       ||     1
       Power Leap        |       |       |       |     2 |     3 |       |     3 |     9 |     5 ||    22
       Apocalypse        |       |       |       |       |       |       |     3 |       |     1 ||     4
       Draw Out Power    |       |       |       |       |       |       |     1 |       |       ||     1
 Abil: Dig               |       |     8 |     5 |     2 |    13 |     2 |    11 |     1 |    12 ||    54
       Shaft Self        |       |       |     4 |     2 |       |       |       |     1 |     2 ||     9
  Use: Scroll            |       |       |    14 |     3 |    14 |    17 |    12 |     5 |    17 ||    82
       Potion            |       |       |     4 |     2 |       |     2 |     6 |     5 |    19 ||    38
 Stab: Paralysed         |       |       |     1 |     1 |    16 |     3 |     3 |     4 |     7 ||    35
       Distracted        |       |       |       |     8 |     9 |     4 |     8 |     6 |    61 ||    96
       Invisible         |       |       |       |     5 |     7 |    12 |    18 |    10 |    29 ||    81
       Sleeping          |       |       |       |     1 |     7 |       |       |     3 |    42 ||    53
       Petrifying        |       |       |       |     2 |       |       |       |       |       ||     2
       Petrified         |       |       |       |     2 |       |       |       |       |       ||     2
       Confused          |       |       |       |       |       |     2 |     3 |       |       ||     5
  Eat: Chunk             |       |     6 |    37 |    39 |    30 |    26 |    38 |    39 |   120 ||   335
       Ration            |       |       |       |       |     5 |     6 |       |       |     2 ||    13
Armor: Scale mail        |    39 |    78 |   134 |       |       |       |       |       |   500 ||   751
       Chain mail        |       |       |    22 |       |    49 |   138 |   144 |    44 |       ||   397
       Ring mail         |       |       |     5 |    67 |    84 |       |       |       |       ||   156
       Plate armour      |       |       |       |       |    12 |       |       |    42 |       ||    54
       Troll leather arm |       |       |       |       |       |       |       |     3 |    15 ||    18
       Pearl dragon scal |       |       |       |       |       |       |       |     1 |    16 ||    17
Dodge: Dodged            |    35 |    80 |   152 |   206 |   401 |   236 |   202 |   189 |  1422 ||  2923
       Deflected         |       |       |       |       |       |       |    21 |     1 |       ||    22
Block: Shield            |    54 |   109 |   213 |   204 |   513 |   109 |       |       |       ||  1202
       Large shield      |       |       |       |       |       |   889 |  1104 |  1019 |  4548 ||  7560
       Reflection        |       |       |       |       |       |       |       |       |     2 ||     2
